 Dungeon Crawl Stone Soup version 0.18-a0-750-g37044d6 (webtiles) character file.

239738 4thArraOfDagon the Shatterer (level 19, -5/217 HPs)
             Began as an Ogre Hunter on Dec 12, 2015.
             Was a High Priest of the Shining One.
             Slain by a cyan very ugly thing (24 damage)
             ... on level 1 of the Depths.
             The game lasted 02:05:55 (20836 turns).

4thArraOfDagon the Shatterer (Ogre Hunter)         Turns: 20836, Time: 02:05:55

Health: -5/217     AC: 17    Str: 24    XL:     19   Next: 30%
Magic:  24/26      EV: 15    Int: 16    God:    the Shining One [*****.]
Gold:   2441       SH: 10    Dex: 10    Spells: 1 memorised, 25 levels left

rFire  + . .     SeeInvis .     X - +9 sacred scourge (holy)
rCold  + . .     Rnd*Rage +     G - +2 troll leather armour
rNeg   + + .     SustAt   .     (no shield)
rPois  .         Gourm    .     g - +1 hat
rElec  .         Spirit   .     b - +2 cloak of Inquiry {rC+}
rCorr  .         Dismiss  .     (gloves unavailable)
rMut   .         Stasis   .     (boots unavailable)
MR     ++...                    N - amulet of rage
Stlth  +.........               T - +6 ring of protection
                                u - ring of protection from fire

@: divine shield, glowing, very resistant to hostile enchantments, very
unstealthy
A: unfitting armour, talons 1, berserk 1, blurry vision 2, magic resistance 1,
strong 1, tough skin 1
a: Divine Shield, Cleansing Flame, Summon Divine Warrior, Renounce Religion,
Evoke Berserk Rage
}: 2/15 runes: decaying, gossamer


You were on level 1 of the Depths.
You worshipped the Shining One.
The Shining One was extremely pleased with you.
You were hungry.

You visited 8 branches of the dungeon, and saw 41 of its levels.
You visited 1 bazaar.
You also visited: Labyrinth and Volcano.

You collected 3965 gold pieces.
You spent 1524 gold pieces at shops.

Inventory:

Hand Weapons
 I - a +0 morningstar of flaming
 L - a +2 giant spiked club of flaming
 X - a +9 sacred scourge of holy wrath (weapon)
Missiles
 v - 32 large rocks (quivered)
Armour
 b - the +2 cloak of Inquiry (worn) {rC+}
   (You found it in a labyrinth)

   It protects you from cold.
 g - a +1 hat (worn)
 n - a cursed +0 shield
 G - a +2 troll leather armour (worn)
Magical Staves
 S - an uncursed staff of energy {!a}
Jewellery
 m - an uncursed ring of flight
 p - the ring of Vyerch {rPois rF- rN+ Int+4 SInv}
   (You took it off a deep elf knight on level 3 of the Elven Halls)

   [ring of poison resistance]

   It affects your intelligence (+4).
   It makes you vulnerable to fire.
   It protects you from poison.
   It protects you from negative energy.
   It lets you see invisible.
 u - a ring of protection from fire (left hand)
 y - a +5 ring of intelligence
 C - an uncursed ring of protection from cold
 N - an amulet of rage (around neck)
 O - a +5 ring of dexterity
 T - a +6 ring of protection (right hand)
Wands
 a - a wand of fire (6)
 d - a wand of fire (8)
 z - a wand of teleportation (7)
 A - a wand of digging (13)
 F - a wand of digging (13)
 H - a wand of disintegration (2)
 J - a wand of disintegration (24)
 W - a wand of teleportation (4)
Scrolls
 j - 2 scrolls of enchant weapon
 k - 2 scrolls of fog
 l - 5 scrolls of summoning
 q - 5 scrolls of identify
 t - 6 scrolls of enchant armour
 E - 5 scrolls of blinking
 M - 9 scrolls of magic mapping
 P - 10 scrolls of remove curse
 V - 3 scrolls of teleportation
 Z - 5 scrolls of recharging
Potions
 f - a potion of magic
 h - 4 potions of curing
 i - 6 potions of ambrosia
 o - 4 potions of agility
 r - 9 potions of brilliance
 w - 4 potions of haste
 x - a potion of might
 B - 4 potions of flight
 Q - 7 potions of lignification
 U - 2 potions of berserk rage
Miscellaneous
 s - a piece from Xom's chessboard
 K - a lamp of fire
 R - 3 phantom mirrors
 Y - a fan of gales
Comestibles
 e - 14 bread rations
 D - 11 meat rations


   Skills:
 + Level 19.6 Fighting
 * Level 25.5 Maces & Flails
 - Level 4.0 Throwing
 + Level 14.4 Dodging
 - Level 0.7 Stealth
 - Level 4.3 Spellcasting
 - Level 4.0 Translocations
 - Level 10.5 Invocations
 - Level 6.0 Evocations


You had 25 spell levels left.
You knew the following spells:

 Your Spells              Type           Power        Failure   Level  Hunger
a - Apportation           Tloc           ###.......   3%          1    None


Dungeon Overview and Level Annotations

Branches:
Dungeon (15/15)            Temple (1/1) D:5            Lair (8/8) D:10
  Swamp (4/4) Lair:4       Spider (4/4) Lair:4        Slime (0/6) Lair:6
    Orc (4/4) D:11            Elf (3/3) Orc:3        Depths (2/5) D:15
 Vaults: D:13-14

Altars:
Ashenzari
Cheibriados
Dithmenos
Fedhas
Makhleb
Okawaru
Qazlal
Ru
Sif Muna
Trog
Yredelemnul
The Shining One
Beogh
Jiyva

Shops:
D:4 ?   Orc:1 *   Orc:4 **:(

Annotations:
D:3 Ijustatesigmund's ghost, amateur OpWz
D:4 Ijustatesigmund's ghost, amateur OpWz
D:6 1 runed door
Lair:7 Maud
Lair:8 exclusion: oklob plant
Elf:2 3 runed doors


Innate Abilities, Weirdness & Mutations

You are too large for most types of armour.
You have tough skin (AC +1).
You have sharp toenails.
You tend to lose your temper in combat.
Scrolls take you longer to read.
You are resistant to hostile enchantments.
Your muscles are strong. (Str +2)


Message History

You claw the cyan very ugly thing, but do no damage.
The cyan very ugly thing is severely wounded.
The cyan very ugly thing tentacle-slaps you!
* * * LOW HITPOINT WARNING * * *
The cyan very ugly thing shocks you!!
* * * LOW HITPOINT WARNING * * *
Unknown command.
Unknown command.
You whack the cyan very ugly thing!
You claw the cyan very ugly thing, but do no damage.
The cyan very ugly thing is severely wounded.
The earth elemental barely misses you.
Unknown command.
Unknown command.
You whack the cyan very ugly thing!
The cyan very ugly thing is almost dead.
The cyan very ugly thing tentacle-slaps you!
* * * LOW HITPOINT WARNING * * *
The cyan very ugly thing shocks you!!
You die...

..........#
..........#
##......>.#
#........### ##
#........##.# #.#
##.......# #.# #.#
##....u.# #E# #.#
##.....# #E###.#
#.≈...# #@#.#
##.....# ##u##
#......######.#.#####
###.#....u.u.........
####..........=....
#...†............
#..........####..
############ #


You could see a cyan very ugly thing and 2 earth elementals.

Vanquished Creatures
  Asterion (Depths:2)
  A deep elf blademaster (Elf:3)
  3 deep elf master archers (Elf:3)
  Frances (Spider:2)
  A sphinx (D:15)
  Kirke (D:12)
  The ghost of gorblad the Spry, an adept MiGl of Dithmenos (Depths:1)
  2 thorn hunters (Swamp:4)
  Donald (Spider:2)
  A fire giant (Depths:2)
  4 ghost moths (Spider:4)
  7 deep elf sorcerers
  A large abomination (Elf:3)
  A frost giant (Depths:1)
  7 emperor scorpions
  4 stone giants
  A very ugly thing (D:15)
  5 deep elf annihilators (Elf:3)
  Azrael (Spider:2)
  4 deep elf demonologists (Elf:3)
  An ettin (D:15)
  A merfolk javelineer (Depths:1)
  5 deep elf death magi (Elf:3)
  A rakshasa (D:15)
  4 fire dragons
  4 deep elf high priests
  A great orb of eyes (Depths:1)
  A catoblepas (Lair:8)
  3 centaur warriors
  16 hydras
  The ghost of fredomojojo the Carver, a novice MiFi of Okawaru (D:12)
  11 alligators
  5 vampire magi
  A dancing weapon (Elf:2)
  5 orc high priests
  8 death yaks
  4 deep elf knights
  11 deep elf summoners
  2 spriggan druids (Swamp:4)
  2 unseen horrors (D:12)
  A shambling mangrove (Swamp:2)
  10 swamp dragons
  3 orc knights (Orc:4)
  15 orb spiders
  2 hill giants (D:14)
  A wizard (D:13)
  2 lindwurms
  A giant orange brain (D:15)
  5 orc sorcerers
  9 deep elf conjurers
  5 cyclopes
  18 wolf spiders
  2 griffons
  34 ugly things
  3 manticores
  3 hornets (Spider:4)
  A toenail golem (Volcano)
  3 elephants (Lair:8)
  2 black mambas
  3 centaur zombies
  A manticore (shapeshifter) (Depths:1)
  15 spiny frogs
  3 molten gargoyles (Volcano)
  A gargoyle (D:15)
  5 centaur skeletons
  5 naga magi (D:12)
  6 torpor snails
  A kobold demonologist (D:12)
  A fire drake (D:10)
  2 komodo dragons
  6 trolls
  6 yaktaurs (Depths:1)
  A fire drake (shapeshifter) (D:14)
  12 demonic crawlers
  A polar bear (shapeshifter) (D:15)
  A two-headed ogre (D:13)
  A tengu conjurer (Depths:2)
  A two-headed ogre (shapeshifter) (Elf:3)
  16 jumping spiders
  4 deep elf priests
  4 polar bears
  9 giant leeches
  20 blink frogs
  A bog body (Swamp:1)
  6 trapdoor spiders
  11 slime creatures
  16 deep elf magi
  29 redbacks
  A hog (shapeshifter) (D:14)
  A spriggan (shapeshifter) (Depths:1)
  7 spriggans
  11 tarantellas
  4 hogs (D:11)
  4 shadows
  4 water elementals
  4 fire elementals (Spider:2)
  10 hippogriffs
  6 deep elf fighters
  29 yaks
  3 mottled dragons
  2 wyverns
  2 hungry ghosts
  3 basilisks
  9 vampire mosquitoes
  Menkaure (D:4)
  11 insubstantial wisps
  11 wolves
  18 water moccasins
  4 hell hounds (Spider:2)
  2 wargs
  2 ice beasts (D:13)
  2 sky beasts
  3 soldier ants
  30 orc warriors
  10 swamp drakes
  9 porcupines
  11 swamp worms
  An eye of draining (D:13)
  4 black bears (Lair:3)
  12 wasps
  6 ogres
  4 boggarts (Depths:1)
  A phantom (D:9)
  9 centaurs
  9 giant frogs
  2 big kobolds
  14 crocodiles
  A wyvern zombie (D:14)
  A wyvern skeleton (D:12)
  17 killer bees
  8 scorpions
  A quasit (D:9)
  5 crimson imps
  An electric eel (D:14)
  4 jellies
  A giant frog skeleton (D:10)
  31 orc priests
  2 giant frog zombies
  6 hounds
  2 iguanas
  19 orc wizards
  8 worker ants
  13 sheep
  A hound zombie (D:8)
  4 gnolls (D:8)
  11 river rats
  3 adders
  2 shadow imps
  An adder zombie (D:8)
  20 worms
  2 giant geckos
  141 orcs
  6 giant cockroaches
  A goblin (D:2)
  4 hobgoblins
  2 bats
  A giant cockroach zombie (D:5)
  5 jackals
  9 kobolds
  2 quokkas
  4 rats
  2 fungi
  A plant (Lair:8)
1061 creatures vanquished.

Vanquished Creatures (collateral kills)
  A thorn hunter (Swamp:2)
  An orc high priest (Orc:4)
  An orb spider (Spider:4)
  An ugly thing (D:14)
  An orc knight (Orc:4)
  A spriggan (Swamp:2)
  2 redbacks (Spider:4)
  2 wasps (Swamp:2)
  An orc warrior (Orc:4)
  A shadow imp (D:14)
  3 orcs (Orc:4)
15 creatures vanquished.

Vanquished Creatures (others)
  A deep elf high priest (Elf:3)
  An orb spider (Spider:3)
  A troll (Orc:4)
  5 fungi
  9 plants
17 creatures vanquished.

Grand Total: 1093 creatures vanquished

Notes
Turn   | Place    | Note
--------------------------------------------------------------
     0 | D:1      | 4thArraOfDagon the Ogre Hunter began the quest for the Orb.
     0 | D:1      | Reached XP level 1. HP: 22/22 MP: 1/1
   118 | D:2      | Found a sacrificial altar of Ru.
   179 | D:2      | Reached XP level 2. HP: 29/31 MP: 2/2
   284 | D:3      | Reached XP level 3. HP: 32/39 MP: 3/3
   302 | D:3      | Noticed Ijustatesigmund's ghost (amateur OpWz)
   306 | D:3      | Found a blossoming altar of Fedhas.
   338 | D:4      | Found Affisme's Magic Scroll Emporium.
   343 | D:4      | Bought a scroll of identify for 24 gold pieces
   381 | D:3      | Found a glowing golden altar of the Shining One.
   381 | D:3      | Found a burning altar of Makhleb.
   383 | D:3      | Found a shattered altar of Ashenzari.
   388 | D:3      | Became a worshipper of the Shining One
   403 | D:3      | Found a shadowy altar of Dithmenos.
   436 | D:2      | Reached skill level 1 in Maces & Flails
   684 | D:4      | Noticed Menkaure
   698 | D:3      | HP: 1/39 [orc/club (1)]
   699 | D:3      | Reached XP level 4. HP: 1/48 MP: 4/4
   866 | D:4      | Killed Menkaure
   866 | D:4      | Reached XP level 5. HP: 44/55 MP: 5/5
   955 | D:4      | Noticed Ijustatesigmund's ghost (amateur OpWz)
   962 | D:5      | Entered Level 5 of the Dungeon
  1023 | D:5      | Noticed a fire elemental
  1025 | D:5      | Found a stormy altar of Qazlal.
  1026 | D:5      | Noticed an air elemental
  1026 | D:5      | Noticed a water elemental
  1042 | D:5      | Noticed a centaur
  1052 | D:5      | Killed a centaur
  1052 | D:5      | Reached skill level 5 in Fighting
  1052 | D:5      | Reached XP level 6. HP: 44/66 MP: 6/6
  1124 | D:5      | Found a staircase to the Ecumenical Temple.
  1133 | Temple   | Entered the Ecumenical Temple
  1210 | D:5      | Reached skill level 5 in Maces & Flails
  1441 | D:6      | Found a runed door.
  1486 | D:6      | Reached XP level 7. HP: 15/74 MP: 7/7
  1568 | D:6      | Reached * piety under the Shining One
  1568 | D:6      | Reached skill level 6 in Maces & Flails
  1802 | D:7      | Found a basalt altar of Yredelemnul.
  2016 | D:8      | Found a snail-covered altar of Cheibriados.
  2073 | D:8      | Reached skill level 7 in Maces & Flails
  2163 | D:8      | Reached skill level 1 in Invocations
  2193 | D:8      | Noticed a hippogriff
  2205 | D:8      | Reached XP level 8. HP: 74/84 MP: 8/8
  2308 | D:8      | Reached skill level 8 in Maces & Flails
  2719 | D:9      | Gained mutation: Your muscles are strong. (Str +2) [potion of mutation]
  2719 | D:9      | Gained mutation: Scrolls take you a little longer to read. [potion of mutation]
  2719 | D:9      | Gained mutation: You have sharp toenails. [potion of mutation]
  2736 | D:9      | Noticed a deep elf mage
  2739 | D:9      | Reached ** piety under the Shining One
  2739 | D:9      | Killed a deep elf mage
  2743 | D:9      | Noticed a centaur warrior
  2752 | D:9      | Killed a centaur warrior
  2752 | D:9      | Reached skill level 10 in Maces & Flails
  2752 | D:9      | Reached skill level 5 in Dodging
  2752 | D:9      | Reached XP level 9. HP: 97/97 MP: 10/12
  2985 | D:10     | Entered Level 10 of the Dungeon
  3168 | D:10     | meh
  3399 | D:10     | Found a staircase to the Lair.
  3399 | D:10     | Noticed a fire drake
  3417 | D:10     | Killed a fire drake
  3417 | D:10     | Reached skill level 11 in Maces & Flails
  3417 | D:10     | Reached skill level 5 in Invocations
  3521 | D:10     | Reached XP level 10. HP: 49/107 MP: 12/14
  3844 | D:10     | Gained mutation: Scrolls take you longer to read. [mutagenic meat]
  3845 | D:10     | Gained mutation: You tend to lose your temper in combat. [mutagenic meat]
  3846 | D:10     | Gained mutation: You are resistant to hostile enchantments. [mutagenic meat]
  3991 | D:11     | Reached skill level 12 in Maces & Flails
  4218 | D:12     | Noticed fredomojojo's ghost (novice MiFi)
  4237 | D:11     | Reached skill level 10 in Fighting
  4376 | D:11     | Found a staircase to the Orcish Mines.
  4435 | D:11     | Found a blossoming altar of Fedhas.
  4450 | D:12     | Noticed Kirke
  4471 | D:11     | Reached skill level 13 in Maces & Flails
  4538 | D:12     | Reached *** piety under the Shining One
  4552 | D:12     | Reached XP level 11. HP: 106/119 MP: 16/16
  4601 | D:12     | Found a labyrinth entrance.
  4606 | Lab      | Entered a labyrinth
  4607 | Lab      | uhh
  4828 | Lab      | Noticed a minotaur
  4862 | Lab      | Got a brightly glowing cloak
  4902 | D:11     | Identified the +2 cloak of Inquiry {rC+} (You found it in a labyrinth)
  5051 | D:12     | Reached skill level 1 in Evocations
  5225 | D:12     | Reached skill level 14 in Maces & Flails
  5315 | D:12     | Identified Ybriycs's Almanac of Execration and Orientation
  5319 | D:12     | Learned a level 1 spell: Apportation
  5335 | D:12     | Identified Sif Muna's Tome of the Oath
  5371 | D:12     | Noticed a vampire mage
  5380 | D:12     | Killed a vampire mage
  5392 | D:12     | Noticed a vampire mage
  5406 | D:12     | Killed a vampire mage
  5414 | D:12     | Noticed an unseen horror
  5418 | D:12     | Killed an unseen horror
  5428 | D:12     | Found a deep blue altar of Sif Muna.
  5504 | D:12     | Noticed a vampire mage
  5512 | D:12     | Killed a vampire mage
  5512 | D:12     | Reached XP level 12. HP: 127/130 MP: 18/18
  5564 | D:12     | Identified a +2 rod of destruction (10/10) (You found it on level 12 of the Dungeon)
  5572 | D:12     | Identified the Handbook of Beguiling and Dark Rituals
  5594 | D:12     | Noticed a deep elf sorcerer
  5626 | D:12     | Killed a deep elf sorcerer
  5626 | D:12     | Reached skill level 15 in Maces & Flails
  5899 | D:13     | Reached **** piety under the Shining One
  5932 | D:13     | Found a roughly hewn altar of Beogh.
  5976 | D:13     | Found a bloodstained altar of Trog.
  6687 | D:14     | Reached skill level 16 in Maces & Flails
  6740 | D:15     | Entered Level 15 of the Dungeon
  6780 | D:15     | Reached XP level 13. HP: 106/141 MP: 18/20
  6873 | D:15     | Reached ***** piety under the Shining One
  6929 | D:15     | Found a staircase to the Depths.
  7133 | D:14     | Reached skill level 5 in Evocations
  7155 | D:14     | Reached skill level 1 in Spellcasting
  7155 | D:14     | Reached skill level 1 in Translocations
  7368 | D:12     | Reached skill level 17 in Maces & Flails
  7456 | D:12     | Killed Kirke
  7456 | D:12     | Reached skill level 10 in Invocations
  7601 | D:12     | Killed fredomojojo's ghost
  7670 | D:12     | Found an iron altar of Okawaru.
  7754 | Orc:1    | Entered Level 1 of the Orcish Mines
  7778 | Orc:1    | Found Budwef's Assorted Antiques.
  7795 | Orc:1    | Bought a scroll of identify for 44 gold pieces
  7795 | Orc:1    | Bought a scroll of identify for 44 gold pieces
  7795 | Orc:1    | Bought a scroll of identify for 44 gold pieces
  7795 | Orc:1    | Bought a scroll of remove curse for 66 gold pieces
  7907 | Orc:2    | Found a roughly hewn altar of Beogh.
  8023 | Orc:2    | Found a dark tunnel.
  8033 | Volcano  | Entered a volcano
  8062 | Volcano  | uhh
  8074 | Volcano  | Reached XP level 14. HP: 87/153 MP: 21/21
  8400 | Orc:3    | Found a staircase to the Elven Halls.
  8499 | Orc:4    | Entered Level 4 of the Orcish Mines
  8635 | Orc:4    | Found a gateway to a bazaar.
  8644 | Bazaar   | Entered a bazaar
  8646 | Bazaar   | Found Kiotaa's Food Boutique.
  8650 | Bazaar   | Found Jyalec's Magic Scroll Boutique.
  8650 | Bazaar   | Found Apuosura's Antique Weapon Boutique.
  8650 | Bazaar   | Found Poboint's Jewellery Boutique.
  8673 | Bazaar   | Bought a glowing demon whip for 435 gold pieces
  8694 | Bazaar   | Bought a scroll of identify for 28 gold pieces
  8694 | Bazaar   | Bought a scroll of magic mapping for 49 gold pieces
  8694 | Bazaar   | Bought a scroll of enchant weapon for 105 gold pieces
  8694 | Bazaar   | Bought a scroll of enchant weapon for 105 gold pieces
  8694 | Bazaar   | Bought a scroll of recharging for 133 gold pieces
  8694 | Bazaar   | Bought a scroll of brand weapon for 280 gold pieces
  8694 | Bazaar   | Bought a scroll of fog for 28 gold pieces
  8694 | Bazaar   | Bought a scroll of remove curse for 42 gold pieces
  8852 | Orc:4    | mysterious
  8925 | Orc:4    | wut
  9309 | Orc:4    | bbl
  9309 | Orc:4    | gotta go
  9378 | Orc:4    | Was placed under penance by the Shining One
  9383 | Orc:4    | what happened
  9913 | Orc:4    | Found Agrolipt's General Store.
  9913 | Orc:4    | Found Alieb's Antique Weapon Shoppe.
  9914 | Orc:4    | Found Eraj's Assorted Antiques.
  9914 | Orc:4    | Found Ukke's Book Emporium.
  9929 | Orc:4    | Bought a scroll of enchant armour for 97 gold pieces
 10244 | Lair:1   | Entered Level 1 of the Lair of Beasts
 10762 | Lair:4   | Got an ivory battleaxe
 10767 | Lair:4   | Identified the +1 battleaxe "Raugg" {drain, +Blink Dex+2} (You found it on level 4 of the Lair of Beasts)
 11005 | Lair:5   | Reached skill level 10 in Dodging
 11103 | Lair:6   | Reached skill level 18 in Maces & Flails
 11245 | Lair:7   | Noticed Maud
 11348 | Lair:8   | Entered Level 8 of the Lair of Beasts
 11906 | Lair:8   | Reached XP level 15. HP: 129/165 MP: 22/22
 12030 | Lair:8   | Reached skill level 19 in Maces & Flails
 12147 | Lair:8   | Found a runed door.
 12616 | Lair:6   | Reached skill level 15 in Fighting
 12686 | Lair:6   | Found a staircase to the Slime Pits.
 12687 | Lair:6   | Found a viscous altar of Jiyva.
 13274 | Elf:1    | Entered Level 1 of the Elven Halls
 13523 | Elf:1    | Noticed a deep elf sorcerer
 13548 | Elf:1    | Killed a deep elf sorcerer
 13548 | Elf:1    | Reached skill level 20 in Maces & Flails
 13700 | Elf:1    | Identified Zuho's Almanac of Cloudy Confrontation (You found it on level 1 of the Elven Halls)
 13878 | Elf:2    | Was forgiven by the Shining One
 13890 | Elf:2    | Found a runed gate.
 13893 | Elf:2    | Found a runed gate.
 13893 | Elf:2    | Found a runed gate.
 14029 | Elf:3    | Entered Level 3 of the Elven Halls
 14180 | Elf:3    | Reached XP level 16. HP: 178/178 MP: 23/23
 14536 | Elf:3    | Reached skill level 21 in Maces & Flails
 14652 | Elf:3    | Noticed a deep elf blademaster
 14675 | Elf:3    | Noticed a deep elf master archer
 14700 | Elf:3    | Killed a deep elf master archer
 14751 | Elf:3    | Noticed an Ice Fiend
 14878 | Elf:3    | Killed a deep elf blademaster
 15045 | Elf:3    | Noticed a deep elf master archer
 15060 | Elf:3    | Killed a deep elf master archer
 15085 | Elf:3    | Noticed a deep elf master archer
 15126 | Elf:3    | Killed a deep elf master archer
 15210 | Elf:3    | Got a faintly glowing robe
 15233 | Elf:3    | Got a brightly glowing pewter ring
 15268 | Elf:3    | Identified the ring of Vyerch {rPois rF- rN+ Int+4 SInv} (You took it off a deep elf knight on level 3 of the Elven Halls)
 15305 | Elf:3    | Identified the +2 robe of Weomohan {*Contam *Corrode rElec Str+7} (You took it off a deep elf death mage on level 3 of the Elven Halls)
 15305 | Elf:3    | meh
 15317 | Elf:3    | Identified Owko's Almanac of Cold (You found it on level 3 of the Elven Halls)
 15362 | Elf:3    | Identified the Incunabulum of Ice
 15671 | Lair:1   | Reached skill level 22 in Maces & Flails
 15849 | Lair:4   | Found a hole to the Spider Nest.
 15884 | Spider:1 | Entered Level 1 of the Spider Nest
 15913 | Spider:1 | Reached XP level 17. HP: 177/191 MP: 24/24
 15964 | Spider:2 | Noticed Donald
 15972 | Spider:2 | Killed Donald
 16081 | Spider:2 | Noticed Frances
 16090 | Spider:2 | Killed Frances
 16193 | Spider:2 | Noticed Azrael
 16204 | Spider:2 | Killed Azrael
 16602 | Spider:4 | Entered Level 4 of the Spider Nest
 17085 | Spider:4 | Reached skill level 23 in Maces & Flails
 17310 | Spider:4 | Got a gossamer rune of Zot
 17636 | Spider:3 | Reached XP level 18. HP: 163/204 MP: 23/25
 17720 | Lair:4   | Found a staircase to the Swamp.
 17736 | Swamp:1  | Entered Level 1 of the Swamp
 18127 | Swamp:2  | Reached skill level 24 in Maces & Flails
 18611 | Swamp:4  | Entered Level 4 of the Swamp
 19034 | Swamp:4  | Got a decaying rune of Zot
 19661 | Depths:1 | Entered Level 1 of the Depths
 19661 | Depths:1 | Noticed gorblad's ghost (adept MiGl)
 19670 | Depths:1 | Reached ****** piety under the Shining One
 19700 | D:15     | Identified a +9 sacred scourge of holy wrath (a +8 demon whip of pain blessed by the Shining One)
 19700 | D:15     | Received a gift from the Shining One
 19936 | D:15     | Reached skill level 25 in Maces & Flails
 20026 | D:15     | Reached XP level 19. HP: 170/217 MP: 24/26
 20135 | Depths:1 | Killed gorblad's ghost
 20667 | Depths:2 | Noticed Asterion
 20684 | Depths:2 | Killed Asterion
 20836 | Depths:1 | Slain by a cyan very ugly thing

Vault maps used:
D:1:      dpeg_arrival_solitude, hangedman_abyss_or_decor_lesser_grid
D:2:      nicolae_ru_awakened_eye, first_bread, minivault_27, kennysheep_boxes
D:3:      fedhas_altar_3, gammafunk_temple_overflow_claw, old_standard_altar,
          grunt_dithmenos_smoke_and_mirrors
D:4:      elyvilon_altar_1, serial_shops, shop, uniq_eustachio, uniq_menkaure
D:5:      minitemple, temple_hall, serial_bayou_pond_e,
          nicolae_qazlal_style_of_elements
D:6:      lemuel_insect_pit
D:7:      nicolae_overflow_crystal_walls
D:8:      old_standard_altar, serial_glass, glass_columns_b, glass_columns_b
D:9:      hangedman_tree_tricks
D:10:     minmay_lair_entry_lava
D:11:     david_orc_2, basic_altar
D:12:     evilmike_library_of_no_secrets, lab_entry_generic,
          david_defended_altar_orc, uniq_kirke
D:13:     special_room, serial_curves, eino_curves_03, eino_curves_04,
          trog_wizard
D:14:     david_vaults_5, serial_bayou_pond_b
D:15:     gammafunk_enter_depths_forms, serial_bayou_shore_b
Temple:   nicolae_temple_figure_zero
Lair:1:   lemuel_fruit_fields
Lair:2:   serial_bayou_crossing, serial_bayou_shore_b, lemuel_fruit_tree,
          serial_bayou_shore_a, grunt_megastairs_2
Lair:3:   beast_lair_carwin_large_3
Lair:4:   minmay_swamp_entry_swarm, nicolae_spider_entry_non_spiders,
          basic_altar
Lair:5:   small_statue_intersection
Lair:6:   slime_altar_1, minivault_29
Lair:7:   grunt_forest_small_clearings, serial_bayou_shore_b,
          grunt_megastairs_4, uniq_nessos, uniq_maud
Lair:8:   hangedman_lair_in_review, wormcave, serial_bayou_pond_e
Swamp:1:  evilmike_swamp_ruin_rubble_2, infiniplex_staircase_pool
Swamp:2:  evilmike_swamp_ruin_house_1, swamp_pool2,
          nicolae_swamp_trees_clearing, uniq_roxanne
Swamp:3:  evilmike_swamp_ruin_wall
Swamp:4:  swamp
Spider:1: uniq_louise
Spider:2: uniq_azrael, uniq_frances, uniq_donald
Spider:4: grunt_spider_rune_island, nicolae_spider_cling_ruins
Orc:1:    serial_shops, nicolae_shop_statue_plus
Orc:2:    nicolae_volcano_entry_hallway, basic_altar, mines4_lemuel
Orc:3:    nicolae_orc_pool_cavern
Orc:4:    st_orc_pillars, serial_shops, bzr_firewalk, nicolae_orc_crystal_geode
Elf:1:    serial_shops, shop, minmay_elf_sorcery
Elf:3:    minmay_elf_hall_quartered_circle, grunt_ministairs_2
Depths:1: minmay_misc_feat_roman, hell_entry, minmay_misc_feat_five,
          hangedman_cracks_in_the_wall
Depths:2: hangedman_cross_cluster, hell_entry, serial_bayou_pond_c,
          special_room, infiniplex_staircase_spiral_double, uniq_asterion
Lab:      labyrinth_watery, labyrinth_lava_lair
Bazaar:   bazaar_minmay_cross
Volcano:  volcano_aerie

Action                   |  1- 3 |  4- 6 |  7- 9 | 10-12 | 13-15 | 16-18 | 19-21 || total
-------------------------+-------+-------+-------+-------+-------+-------+-------++-------
Melee: Short sword       |    12 |       |       |       |       |       |       ||    12
       Mace              |   101 |    24 |    19 |       |       |       |       ||   144
       Giant club        |       |       |   151 |   207 |       |       |       ||   358
       Giant spiked club |       |       |       |   129 |  1189 |   866 |       ||  2184
       Unarmed           |       |       |       |       |    20 |       |       ||    20
       Sacred scourge    |       |       |       |       |       |    78 |   154 ||   232
Throw: Large rock        |     4 |    16 |    32 |    67 |   123 |   115 |     9 ||   366
       Throwing net      |       |     1 |     4 |     1 |       |       |       ||     6
       Javelin           |       |       |       |     1 |       |       |       ||     1
 Cast: Apportation       |       |       |       |       |    35 |    76 |     9 ||   120
Invok: Divine Shield     |       |       |       |     2 |     9 |    11 |     6 ||    28
       Cleansing Flame   |       |       |       |       |     2 |       |       ||     2
       Summon Divine War |       |       |       |       |     1 |       |       ||     1
       Brand Weapon With |       |       |       |       |       |     1 |       ||     1
 Abil: Evoke Flight      |       |       |       |       |     1 |       |       ||     1
       Evoke Berserk Rag |       |       |       |       |       |     4 |     4 ||     8
Evoke: Wand              |       |       |     6 |     2 |    15 |    10 |       ||    33
       Lamp of fire      |       |       |       |       |     1 |     1 |       ||     2
       Deck              |       |       |       |       |     2 |     1 |       ||     3
  Use: Scroll            |     3 |     1 |     4 |    12 |    27 |     7 |       ||    54
       Potion            |     2 |       |     4 |       |     9 |     7 |       ||    22
 Stab: Sleeping          |     1 |       |       |       |     2 |       |       ||     3
       Held in net/web   |       |       |     1 |       |       |       |       ||     1
       Distracted        |       |       |       |     1 |       |       |       ||     1
  Eat: Chunk             |       |     3 |     6 |    15 |    19 |     9 |     5 ||    57
       Pizza             |       |       |     1 |       |     4 |       |       ||     5
       Fruit             |       |       |     1 |     3 |     3 |    13 |       ||    20
       Beef jerky        |       |       |       |     2 |     1 |     2 |       ||     5
       Royal jelly       |       |       |       |       |     1 |     1 |       ||     2
       Bread ration      |       |       |       |       |     1 |     3 |       ||     4
